 Dungeon Crawl Stone Soup version 0.30-a0-241-g1121274140 (webtiles) character file.

Game seed: 4489225135681177450

553 Pooter the Gusty (level 7, 0/51 HPs)
             Began as a Gnoll Wanderer on Oct 10, 2022.
             Slain by Eustachio
             ... wielding a +0 rapier
              (3 damage)
             ... on level 4 of the Dungeon.
             The game lasted 00:37:04 (4534 turns).

Pooter the Gusty (Gnoll Wanderer)                   Turns: 4534, Time: 00:37:05

Health: 0/51       AC:  5    Str: 19    XL:     7   Next: 29%
Magic:  7/15       EV: 12    Int: 11    God:
Gold:   230        SH:  0    Dex: 12    Spells: 9/17 levels left

rFire   + . .      SeeInvis .    a - +0 halberd
rCold   + . .      Faith    .    (shield currently unavailable)
rNeg    . . .      Spirit   .    c - +0 leather armour
rPois   .          Reflect  .    (no helmet)
rElec   .          Harm     .    p - scarf {rC+ rF+}
rCorr   .          Rampage  .    z - +0 pair of gloves
Will    .....                    B - +0 pair of boots
Stlth   ++........               (no amulet)
HPRegen 0.28/turn                x - +6 ring of strength
MPRegen 0.14/turn                (no ring)

@: very slightly contaminated
A: fangs 1, strong nose, distributed training
a: no special abilities


You were on level 4 of the Dungeon.
You visited 1 branch of the dungeon, and saw 4 of its levels.

You collected 230 gold pieces.

Inventory:

Hand Weapons
 a - a +0 halberd (weapon)
   (You took it off a gnoll on level 3 of the Dungeon)
 b - a +0 sling
   (You took it off a goblin on level 4 of the Dungeon)
 i - a +0 trident
   (You found it on level 2 of the Dungeon)
 k - a +0 club
 o - a +0 whip
   (You found it on level 1 of the Dungeon)
Missiles
 h - 8 poisoned darts (quivered)
 s - 2 silver javelins
 E - 4 datura-tipped darts
 Q - 36 stones
Armour
 c - a +0 leather armour (worn)
 p - a scarf of resistance (worn)
   (You found it on level 2 of the Dungeon)
 r - +0 gold dragon scales
   (You found it on level 2 of the Dungeon)
 z - a +0 pair of gloves (worn)
   (You found it on level 2 of the Dungeon)
 B - a +0 pair of boots (worn)
   (You found it on level 3 of the Dungeon)
Jewellery
 x - a +6 ring of strength (left hand)
   (You found it on level 2 of the Dungeon)
Wands
 u - a wand of charming (1)
   (You found it on level 2 of the Dungeon)
Scrolls
 e - a scroll of enchant weapon {unknown}
 j - a scroll of torment {unknown}
 m - a scroll of amnesia {unknown}
 n - a scroll of magic mapping
 q - a scroll of brand weapon {unknown}
 t - a scroll of teleportation {@r4}
 w - a scroll of immolation {unknown}
 D - a scroll of blinking {unknown}
 F - a scroll of fog
 G - a scroll of fear {unknown}
Potions
 f - a potion of brilliance {unknown}
 g - a potion of heal wounds {unknown}
 l - a potion of curing {@q1}
 v - a potion of invisibility {unknown}
 y - 3 potions of lignification {!q}
 A - a potion of degeneration {unknown}
 C - a potion of cancellation {unknown}
Miscellaneous
 d - a piece from Xom's chessboard (15/15)


   Skills:
 + Level 2.5 Fighting
 + Level 2.5 Short Blades
 + Level 2.5 Long Blades
 + Level 2.5 Axes
 + Level 2.5 Maces & Flails
 + Level 2.5 Polearms
 + Level 2.5 Staves
 + Level 2.5 Ranged Weapons
 + Level 3.6 Throwing
 + Level 2.5 Armour
 + Level 3.6 Dodging
 + Level 2.5 Stealth
 + Level 2.5 Shields
 + Level 2.5 Unarmed Combat
 + Level 5.6 Spellcasting
 + Level 2.0 Conjurations
 + Level 2.0 Hexes
 + Level 2.0 Summonings
 + Level 2.0 Necromancy
 + Level 2.0 Translocations
 + Level 2.0 Transmutations
 + Level 3.0 Fire Magic
 + Level 2.0 Ice Magic
 + Level 5.8 Air Magic
 + Level 2.0 Earth Magic
 + Level 2.0 Poison Magic
 + Level 2.7 Invocations
 + Level 5.2 Evocations


You had 9 spell levels left.
You knew the following spells:

 Your Spells              Type           Power      Damage    Failure   Level
a - Shock                 Conj/Air       44%        1d5       4%          1
b - Foxfire               Conj/Fire      32%        2x1d5     9%          1
c - Airstrike             Air            8%         2d(2-18)  22%         4
d - Cigotuvi's Dreadful   Necr/Pois/Air  20%        N/A       10%         2

Your spell library contained the following spells:

 Spells                   Type           Power      Damage    Failure   Level
 Kindle Blastsparks       Fire/Tloc/Air  22%        2d11      16%         3
 Frozen Ramparts          Ice            14%        1d3       30%         3
 Ice Form                 Ice/Tmut       7%         N/A       71%         4
 Summon Ice Beast         Ice/Summ       7%         N/A       71%         4
 Chain Lightning          Conj/Air       5%         3d7       100%        9
 Fire Storm               Conj/Fire      4%         8d1       100%        9
 Shatter                  Erth           3%         3d7*      100%        9


Dungeon Overview and Level Annotations

Branches:
Dungeon (4/15)
 Temple: D:4-7

Altars:
Sif Muna
Yredelemnul

Annotations:
D:3 1 runed translucent door
D:4 Eustachio


Innate Abilities, Weirdness & Mutations

You have very sharp teeth.
Your uncanny sense of smell can sniff out nearby items.
Your experience applies equally to all skills.


Message History

You hit the ufetubus. The ufetubus closely misses you. The ufetubus hits you.
The ufetubus barely misses you. The ufetubus closely misses you.
The ufetubus barely misses you.
The ufetubus hits you but does no damage.
You barely miss Eustachio. The ufetubus hits you.
The ufetubus closely misses you. The ufetubus barely misses you.
The ufetubus closely misses you. Eustachio closely misses you.
The ufetubus hits you but does no damage. x2
You closely miss Eustachio. Your bite misses Eustachio.
Eustachio mumbles some strange words.
The ufetubus hits you.
* * * LOW HITPOINT WARNING * * *
The ufetubus barely misses you. Eustachio hits you with a +0 rapier.
* * * LOW HITPOINT WARNING * * *
The ufetubus closely misses you. The ufetubus hits you.
* * * LOW HITPOINT WARNING * * *
You conjure some foxfire!
The crimson imp disappears in a puff of smoke!
The ufetubus disappears in a puff of smoke!
Eustachio casts a spell.
Eustachio blinks!
The foxfire hits the white imp but does no damage.
The foxfire hits the crimson imp but does no damage.
The crimson imp barely misses you. The white imp gestures at you.
The puff of frost hits you. You resist.
* * * LOW HITPOINT WARNING * * *
The crimson imp attacks as you move away!
The crimson imp misses you. Eustachio hits you but does no damage.
You closely miss Eustachio. Eustachio hits you but does no damage.
The white imp barely misses you. The crimson imp barely misses you.
You barely miss Eustachio. Eustachio completely misses you.
The white imp hits you.
* * * LOW HITPOINT WARNING * * *
The white imp freezes you. You resist.
* * * LOW HITPOINT WARNING * * *
The crimson imp barely misses you. Eustachio hits you but does no damage.
Unknown command.
The spell is quite dangerous to miscast (22% risk of failure)!
Continue anyway?
You miscast Airstrike.
You are very lightly contaminated with residual magic.
Sparks of electricity dance around you!
* * * LOW HITPOINT WARNING * * *
The white imp hits you.
* * * LOW HITPOINT WARNING * * *
The white imp freezes you. You resist.
* * * LOW HITPOINT WARNING * * *
The white imp misses you. The crimson imp misses you.
Eustachio hits you with a +0 rapier.
You die...

. ................# #.......# ..
##.....#......####........ ..#
##....[.#........#..#......
...####..#....#..........######..
........###...#...####..## ##.
........###.......## ##.# #.
..........#........## # #.
...............5@...## #.
..#...##.......5@....##. ###.
..#...####.....5.........#####...
. ##..# #.....................##
##.# #............#######..#
###########.####### #..#
#.................. #.##
#..##..)#....####.. #.# # #.#
#...#....# ###.###
#.###.)##....###### #....#.


You could see Eustachio, a crimson imp (summoned) and 2 white imps.

Vanquished Creatures
  An ogre (D:4)
  Blork the orc (D:4)
  A scorpion (D:4)
  A human zombie (D:3)
  A hound (D:4)
  An orc priest (D:4)
  An orc wizard (D:4)
  7 adders
  6 gnolls
  4 worms
  8 orcs (D:4)
  8 ball pythons
  2 endoplasms (D:2)
  7 goblins
  8 hobgoblins
  3 jackals (D:2)
  4 quokkas
  6 bats
  5 frilled lizards
  4 kobolds
  3 rats
82 creatures vanquished.

Vanquished Creatures (collateral kills)
  A gnoll (D:3)
  An orc (D:4)
2 creatures vanquished.

Vanquished Creatures (others)
  An orc wizard (D:4)
  A jackal zombie (D:3)
  183 foxfires
185 creatures vanquished.

Grand Total: 269 creatures vanquished

Notes
Turn   | Place    | Note
-------+----------+-------------------------------------------
     0 | D:1      | Pooter the Gnoll Wanderer began the quest for the Orb.
     0 | D:1      | Pooter set off with the following items: a +0 club, a
                  | scroll of fog, a +0 leather armour, a piece from Xom's
                  | chessboard (15/15); and the following spells available to
                  | memorise: Shock, Foxfire, Cigotuvi's Dreadful Rot, Kindle
                  | Blastsparks, Airstrike.
     0 | D:1      | Reached XP level 1. HP: 13/13 MP: 6/6
     2 | D:1      | Learned a level 1 spell: Shock
     4 | D:1      | Learned a level 1 spell: Foxfire
   261 | D:1      | Reached XP level 2. HP: 19/19 MP: 4/7
   663 | D:1      | Found a faded altar of an unknown god.
   845 | D:2      | Reached skill level 5 in Spellcasting
   845 | D:2      | Reached XP level 3. HP: 25/25 MP: 5/9
   936 | D:2      | Reached skill level 1 in Invocations
  1148 | D:2      | Reached skill level 1 in Fighting
  1148 | D:2      | Reached skill level 1 in Short Blades
  1148 | D:2      | Reached skill level 1 in Long Blades
  1148 | D:2      | Reached skill level 1 in Axes
  1148 | D:2      | Reached skill level 1 in Maces & Flails
  1148 | D:2      | Reached skill level 1 in Polearms
  1148 | D:2      | Reached skill level 1 in Staves
  1148 | D:2      | Reached skill level 1 in Ranged Weapons
  1148 | D:2      | Reached skill level 1 in Armour
  1148 | D:2      | Reached skill level 1 in Stealth
  1148 | D:2      | Reached skill level 1 in Shields
  1148 | D:2      | Reached skill level 1 in Unarmed Combat
  1343 | D:2      | Reached XP level 4. HP: 32/32 MP: 8/11
  1366 | D:2      | Learned a level 4 spell: Airstrike
  1916 | D:2      | Reached skill level 1 in Conjurations
  1916 | D:2      | Reached skill level 1 in Hexes
  1916 | D:2      | Reached skill level 1 in Summonings
  1916 | D:2      | Reached skill level 1 in Necromancy
  1916 | D:2      | Reached skill level 1 in Translocations
  1916 | D:2      | Reached skill level 1 in Transmutations
  1916 | D:2      | Reached skill level 1 in Ice Magic
  1916 | D:2      | Reached skill level 1 in Earth Magic
  1916 | D:2      | Reached skill level 1 in Poison Magic
  2369 | D:3      | Learned a level 2 spell: Cigotuvi's Dreadful Rot
  2389 | D:3      | Reached XP level 5. HP: 37/37 MP: 12/12
  2953 | D:3      | Found a runed translucent door.
  2953 | D:3      | Noticed a human
  3059 | D:3      | Found a basalt altar of Yredelemnul.
  3121 | D:4      | Reached XP level 6. HP: 44/44 MP: 11/13
  3134 | D:4      | Found a shimmering blue altar of Sif Muna.
  3162 | D:4      | Reached skill level 5 in Evocations
  4206 | D:4      | Noticed Blork the orc
  4214 | D:4      | Killed Blork the orc
  4215 | D:4      | Reached XP level 7. HP: 43/49 MP: 4/15
  4495 | D:4      | Noticed Eustachio
  4534 | D:4      | Slain by Eustachio

Illustrated notes

Levels and vault maps discovered:
D:1:      dpeg_arrival_central, layout_rooms, basic_ecumenical_altar,
          dreamdust_princess_bridge
D:2:      minmay_razor_zed, layout_basic, minmay_cut_off
D:3:      layout_rooms, dk_yredelemnul_ordeal, nicolae_underground_beach
D:4:      minmay_recursive_quarters, layout_layer_cave, lemuel_round_altar,
          bloody_makhleb, minmay_increasing_density, uniq_edmund,
          uniq_blork_the_orc, uniq_eustachio

Skill      XL: |  1  2  3  4  5  6  7 |
---------------+----------------------+-----
Fire Magic     | 2 3 |  3.0
Spellcasting   | 5 |  5.6
Invocations    | 1 2 |  2.7
Fighting       | 1 2 |  2.5
Short Blades   | 1 2 |  2.5
Long Blades    | 1 2 |  2.5
Axes           | 1 2 |  2.5
Maces & Flails | 1 2 |  2.5
Polearms       | 1 2 |  2.5
Staves         | 1 2 |  2.5
Ranged Weapons | 1 2 |  2.5
Armour         | 1 2 |  2.5
Stealth        | 1 2 |  2.5
Shields        | 1 2 |  2.5
Unarmed Combat | 1 2 |  2.5
Conjurations   | 1 2 |  2.0
Hexes          | 1 2 |  2.0
Summonings     | 1 2 |  2.0
Necromancy     | 1 2 |  2.0
Translocations | 1 2 |  2.0
Transmutations | 1 2 |  2.0
Ice Magic      | 1 2 |  2.0
Earth Magic    | 1 2 |  2.0
Poison Magic   | 1 2 |  2.0
Throwing       | 3 |  3.6
Dodging        | 3 |  3.6
Evocations     | 5 |  5.2
Air Magic      | |  5.8

Action                   |  1- 3 |  4- 6 |  7- 9 || total
-------------------------+-------+-------+-------++-------
Melee: Club              |    12 |       |       ||    12
       Trident           |     3 |    21 |       ||    24
       Halberd           |       |    39 |     6 ||    45
       Bite              |       |     6 |       ||     6
 Fire: Sling             |       |     1 |    11 ||    12
Throw: Dart              |     1 |     3 |       ||     4
       Javelin           |       |     2 |       ||     2
 Cast: Foxfire           |    25 |    60 |    16 ||   101
       Shock             |    19 |    43 |     3 ||    65
       Cigotuvi's Dreadf |       |     3 |       ||     3
       Airstrike         |       |     3 |       ||     3
Evoke: Piece from Xom's  |     1 |       |       ||     1
       Wand              |       |     3 |       ||     3
  Use: Scroll            |       |     4 |       ||     4
       Potion            |       |     2 |       ||     2
 Stab: Petrified         |     1 |       |       ||     1
Armor: Leather armour    |    13 |    22 |    17 ||    52
Dodge: Dodged            |    30 |    66 |    53 ||   149

Table legend: (Time is in decaauts)
 A = Elapsed time spent in this place.
 B = Non-inter-level travel time spent in this place.
 C = Inter-level travel time spent in this place.
 D = Time resting spent in this place.
 E = Time spent auto-exploring this place.
 F = Levels seen in this place.
 G = Mean time per level.
                   A        B        C        D        E       F      G
               +--------+--------+--------+--------+--------+-----+--------+
         Total |   4559 |   4471 |     88 |   1124 |   2423 |   4 | 1139.8 |
       Dungeon |   4559 |   4471 |     88 |   1124 |   2423 |   4 | 1139.8 |
               +--------+--------+--------+--------+--------+-----+--------+

Top non-repeatable levels by time:
     D:2: 1377 daAuts
     D:3: 1233 daAuts
     D:4: 1206 daAuts
     D:1: 741 daAuts
